 Dungeon Crawl Stone Soup version 0.30-b1-7-gcb88a99046 (webtiles) character file.

Game seed: 11909115778053250710

126 RascalDebosk the Magician (level 5, 0/39 HPs)
             Began as a Djinni Air Elementalist on May 5, 2023.
             Killed by their own static electricity (1 damage)
             ... on level 3 of the Dungeon.
             The game lasted 00:07:42 (1544 turns).

RascalDebosk the Magician (Djinni Air Elementalist) Turns: 1544, Time: 00:07:42

Health: 0/39       AC:  3    Str:  7    XL:     5   Next: 31%
Gold:   126        EV: 11    Int: 19    God:
                   SH:  0    Dex: 13

rFire   + + .        f - +0 falchion
rCold   x . .        (no shield)
rNeg    . . .        e - +0 leather armour
rPois   ∞            (no helmet)
rElec   .            (no cloak)
rCorr   .            (no gloves)
SInv    .            (boots unavailable)
Will    .....        (no amulet)
Stlth   ++           (no ring)
HPRegen 0.26/turn    (no ring)
MPRegen 0.00/turn

%: infuse magic (-1 HP)
@: flying, very slightly contaminated
A: sickness immunity, fire resistance 2, cold vulnerability 1, float, innate
caster, HP casting, extra vitality 1
a: no special abilities


You were on level 3 of the Dungeon.
You visited 1 branch of the dungeon, and saw 3 of its levels.

You collected 126 gold pieces.

Inventory:

Hand Weapons
 f - a +0 falchion (weapon)
Armour
 a - a +0 robe
 e - a +0 leather armour (worn)
Scrolls
 c - a scroll of vulnerability {unknown}
 d - a scroll of magic mapping {unknown}
 g - a scroll of torment {unknown}
 h - a scroll of fog {unknown}
 l - a scroll of enchant armour {unknown}
 m - a scroll of teleportation {unknown}
Potions
 b - 2 potions of curing {unknown}
 i - a potion of attraction {unknown}
 j - a potion of heal wounds {unknown}
 k - a potion of might {unknown}


   Skills:
 * Level 2.6 Fighting
 + Level 1.8 Armour
 - Level 2.1 Dodging
 - Level 1.5 Stealth
 * Level 3.3 Spellcasting


You knew the following spells:

 Your Spells              Type           Power      Damage    Failure   Level
a - Shock                 Conj/Air       60%        1d6       5%          1
b - Static Discharge      Conj/Air       30%        2-4/arc   9%          2
c - Swiftness             Air            15%        N/A       16%         3
d - Airstrike             Air            7%         2d(2-18)  47%         4
e - Necrotise             Necr           60%        1d7       5%          1
f - Lesser Beckoning      Tloc           30%        N/A       9%          2
Your spell library was empty.

Dungeon Overview and Level Annotations

Branches:
Dungeon (2/15)

Altars:


Innate Abilities, Weirdness & Mutations

You are immune to sickness and miasma.
You are immune to poison.
Your flesh is very heat resistant. (rF++)
You are vulnerable to cold. (rC-)
You float through the air rather than walking.
You learn spells naturally, not from books.
Your magical power is your life essence.
You have superior vitality. (+4 MHP)


Message History

* * * LOW HITPOINT WARNING * * *
You have reached level 5!
The power to cast Lesser Beckoning wells up from within.
Spell assigned to 'f'.
Unknown command.
You see here a +2 mace of venom.
An orc comes into view. It is wielding a +0 club.
Things that are here:
a +0 hand axe; a +0 leather armour 2 orcs come into view.
An orc is wielding a +2 vampiric whip.
The orc shouts! x2
The orc moves out of view.
Casting: Static Discharge (safe; 9% risk of failure)
Confirm with . or Enter, or press ? or * to list all spells.
Aiming: Shock (safe; 5% risk of failure)
Press: ? - help, Shift-Dir - straight line, f - orc
Aim: an orc, wielding a +0 whip and wearing a +3 leather armour (71% to hit)
The zap hits the orc.
The orc is lightly wounded.
* * * LOW HITPOINT WARNING * * *
Casting: Shock (safe; 5% risk of failure)
Confirm with . or Enter, or press ? or * to list all spells.
Aiming: Shock (safe; 5% risk of failure)
Press: ? - help, Shift-Dir - straight line, f/p - orc
Aim: an orc, wielding a +0 whip and wearing a +3 leather armour (lightly wounded, 71% to hit)
The zap hits the orc.
The orc is severely wounded.
* * * LOW HITPOINT WARNING * * *
An endoplasm comes into view.
Casting: Shock (safe; 5% risk of failure)
Confirm with . or Enter, or press ? or * to list all spells.
Aiming: Shock (safe; 5% risk of failure)
Press: ? - help, Shift-Dir - straight line, f/p - orc
Aim: an orc, wielding a +0 whip and wearing a +3 leather armour (severely wounded, 71% to hit)
The zap hits the orc.
The orc is severely wounded.
* * * LOW HITPOINT WARNING * * *
A hobgoblin comes into view.
The hobgoblin shouts!
Things that are here:
a +0 hand axe; a +0 leather armour
Casting: Shock (safe; 5% risk of failure)
Confirm with . or Enter, or press ? or * to list all spells.
Aiming: Shock (safe; 5% risk of failure)
Press: ? - help, Shift-Dir - straight line, f/p - orc
Aim: an orc, wielding a +0 whip and wearing a +3 leather armour (severely wounded, 71% to hit)
The zap hits the orc.
The orc is moderately wounded.
The zap hits the orc.
You kill the orc!
* * * LOW HITPOINT WARNING * * *
The orc barely misses you.
Casting: Shock (safe; 5% risk of failure)
Confirm with . or Enter, or press ? or * to list all spells.
You miscast Static Discharge.
You are very lightly contaminated with residual magic.
Nothing appears to happen.
* * * LOW HITPOINT WARNING * * *
The orc closely misses you.
Casting: Static Discharge (safe; 9% risk of failure)
Confirm with . or Enter, or press ? or * to list all spells.
Aiming: Shock (safe; 5% risk of failure)
Press: ? - help, Shift-Dir - straight line The zap misses the orc.
The zap hits the endoplasm.
The endoplasm is lightly wounded.
The zap hits the endoplasm.
The endoplasm is severely wounded.
* * * LOW HITPOINT WARNING * * *
The orc barely misses you.
Casting: Shock (safe; 5% risk of failure)
Confirm with . or Enter, or press ? or * to list all spells.
Aiming: Shock (safe; 5% risk of failure)
Press: ? - help, Shift-Dir - straight line The zap hits the orc.
The orc is heavily wounded.
The zap hits the endoplasm.
You kill the endoplasm!
* * * LOW HITPOINT WARNING * * *
The orc hits you with a +0 club.
* * * LOW HITPOINT WARNING * * *
The orc hits you with a +2 vampiric whip.
* * * LOW HITPOINT WARNING * * *
Casting: Shock (safe; 5% risk of failure)
Confirm with . or Enter, or press ? or * to list all spells.
The orc is struck by an arc of lightning.
The orc is heavily wounded.
The orc is struck by an arc of lightning.
The orc is severely wounded.
The lightning grounds out.
The orc is struck by an arc of lightning.
You kill the orc!
The orc is struck by an arc of lightning.
You kill the orc!
You are struck by an arc of lightning.
* * * LOW HITPOINT WARNING * * *
The lightning grounds out.
The hobgoblin is struck by an arc of lightning.
The hobgoblin is moderately wounded.
You are struck by an arc of lightning.
You die...

.>. ..# ....... ..#
....... ..#
.......###..#
............#
.......#..#.######
..........#.##...##
#...)#...#.....##
#...)@#)........#
....†).#.g.........#
....(.###..........#
..................##
..##..####.........#
. #. ##........# .
#.......... #.
...........
...#......#.


You could see a hobgoblin.

Vanquished Creatures
  An orc priest (D:3)
  4 adders
  A worm (D:2)
  4 orcs (D:3)
  8 ball pythons
  4 endoplasms
  6 giant cockroaches
  2 hobgoblins
  2 quokkas
  5 bats
  5 frilled lizards (D:1)
  8 goblins
  5 rats
55 creatures vanquished.

Notes
Turn   | Place    | Note
-------+----------+-------------------------------------------
     0 | D:1      | RascalDebosk the Djinni Air Elementalist began the quest
                  | for the Orb.
     0 | D:1      | RascalDebosk set off with the following spells memorised:
                  | Shock, Static Discharge, Swiftness, Airstrike.
     0 | D:1      | Reached XP level 1. HP: 15/15 MP: 0/0
   160 | D:1      | Reached XP level 2. HP: 18/22 MP: 0/0
   209 | D:1      | Reached skill level 1 in Fighting
   401 | D:1      | Reached XP level 3. HP: 25/27 MP: 0/0
   401 | D:1      | Learned a level 1 spell: Necrotise
   657 | D:1      | Reached skill level 1 in Armour
   976 | D:2      | Reached XP level 4. HP: 26/33 MP: 0/0
  1028 | D:2      | Reached skill level 3 in Spellcasting
  1513 | D:2      | You are sucked into a shaft and drop 1 floor!
  1532 | D:3      | Reached XP level 5. HP: 16/39 MP: 0/0
  1532 | D:3      | Learned a level 2 spell: Lesser Beckoning
  1544 | D:3      | HP: 1/39 [/static electricity (2)]
  1544 | D:3      | Killed from afar by themself

Illustrated notes

Levels and vault maps discovered:
D:1:      nagdon_arrival_double_spiral, layout_basic, minmay_misc_feat_columns,
          minmay_pentomino_o2
D:2:      layout_basic
D:3:      layout_rooms, cheibrodos_sewer_entry_drain, saegor_snake_ambush

Skill      XL: |  1  2  3  4 |
---------------+-------------+-----
Fighting       | 1 2 |  2.6
Armour         | 1 |  1.8
Spellcasting   | 3 |  3.3
Dodging        | |  2.1
Stealth        | |  1.5

Action                     |  1- 3 |  4- 6 || total
---------------------------+-------+-------++-------
  Melee: Falchion          |       |    10 ||    10
   Cast: Shock             |    68 |    39 ||   107
         Necrotise         |     1 |       ||     1
         Static Discharge  |       |     3 ||     3
 Armour: Leather armour    |     3 |     9 ||    12
  Dodge: Dodged            |    11 |    21 ||    32
